AoeStats
← Audi_13

Black Forest

510578067Analyzed
2v2 RM · 15h ago on Oct 1, 2026· 49m 59s· 4 players
Game mode
Random Map
Map size
Medium (4 player)
Population
200
Speed
Normal
Resources
Standard
Victory
Conquest
Starting age
Dark Age
Ending age
Imperial Age
RankedLock teamsTeams togetherTeam positionsShared explorationLock speedFull tech treeHidden civsTurbo modeCheats
Victory
Defeat
🇺🇦 Saracens · Ukraine
1375
+14
🇳🇱 Japanese · Netherlands
1262
+18
🇳🇱 Persians · Netherlands
1319
-16
🇪🇸 Britons · Spain
1318
-16
cueromagico2
1:10 Loom
12:32 Feudal Age
16:24 Castle Age
15:01 Fletching
15:12 Double-Bit Axe
17:18 Crossbowman
17:56 Bodkin Arrow
18:37 Town Watch
23:55 Padded Archer Armor
28:52 Bow Saw
28:24 Horse Collar
30:21 Wheelbarrow
35:06 Imperial Age
32:53 Hand Cart
32:40 Gold Mining
33:42 Leather Archer Armor
35:37 Ballistics
35:18 Arbalester
36:02 Bracer
36:04 Elite Skirmisher
38:10 Conscription
38:19 Yeomen
39:13 Chemistry
40:15 Ring Archer Armor
41:56 Two-Man Saw
41:50 Hoardings
42:55 Heavy Plow
43:38 Masonry
43:12 Treadmill Crane
46:18 Stone Mining
47:03 Gold Shaft Mining
46:46 Forging
46:42 Scale Barding Armor
48:19 Architecture
47:57 Siege Engineers
jordialg97
1:02 Loom
12:33 Feudal Age
12:48 Man-at-Arms
14:39 Wheelbarrow
14:38 Double-Bit Axe
15:59 Forging
21:16 Scale Mail Armor
21:37 Horse Collar
24:38 Castle Age
23:09 Arson
24:44 Long Swordsman
25:09 Gambesons
25:46 Hand Cart
28:13 Scale Barding Armor
32:48 Bloodlines
36:05 Fletching
36:46 Bodkin Arrow
38:13 Heavy Plow
40:11 Husbandry
40:34 Chain Barding Armor
41:12 Iron Casting
41:09 Husbandry
41:52 Bow Saw
45:13 Imperial Age
43:56 Stone Mining
43:56 Gold Mining
43:55 Town Watch
45:24 Cavalier
46:38 Conscription
47:29 Chemistry
48:26 Savar
TwentyTwo22
2:01 Loom
11:38 Feudal Age
11:50 Man-at-Arms
13:35 Arson
18:57 Double-Bit Axe
18:52 Horse Collar
25:58 Castle Age
29:57 Bow Saw
30:43 Wheelbarrow
30:49 Scale Mail Armor
31:22 Guard Tower
31:56 Pikeman
33:50 Squires
35:05 Fletching
36:37 Gold Mining
36:38 Stone Mining
37:26 Hand Cart
37:36 Bodkin Arrow
38:03 Ballistics
42:04 Imperial Age
39:56 Padded Archer Armor
40:25 Treadmill Crane
40:56 Masonry
41:03 Chain Mail Armor
40:58 Forging
41:53 Gold Shaft Mining
43:23 Keep
43:49 Chemistry
42:18 Halberdier
44:24 Conscription
46:24 Bracer
46:39 Leather Archer Armor
46:58 Plate Mail Armor
47:04 Iron Casting
46:49 Long Swordsman
47:14 Gambesons
48:05 Yasama
48:26 Kataparuto
47:57 Two-Handed Swordsman
Audi_13
0:48 Loom
11:07 Feudal Age
15:40 Castle Age
13:56 Double-Bit Axe
14:18 Horse Collar
16:46 Bow Saw
17:33 Wheelbarrow
28:48 Imperial Age
28:06 Gold Mining
29:01 Hand Cart
28:29 Crossbowman
29:14 Thumb Ring
29:04 Fletching
29:14 Padded Archer Armor
29:13 Arbalester
30:07 Stone Mining
31:21 Chemistry
30:42 Bodkin Arrow
32:04 Ballistics
33:00 Gold Shaft Mining
32:47 Bracer
33:02 Leather Archer Armor
34:10 Heavy Plow
34:28 Elite Skirmisher
35:42 Conscription
36:46 Ring Archer Armor
36:21 Scale Barding Armor
36:27 Forging
37:57 Town Watch
38:45 Chain Barding Armor
37:55 Elite Mameluke
39:13 Bloodlines
39:03 Husbandry
38:24 Light Cavalry
40:10 Hussar
41:50 Plate Barding Armor
41:52 Iron Casting
43:38 Siege Engineers
43:44 Masonry
44:48 Blast Furnace
43:49 Scale Mail Armor
44:53 Two-Man Saw
43:55 Town Patrol
46:13 Heavy Camel Rider
50:03 Murder Holes
Connection lost

Rejoining the realm…

Still unreachable

The connection could not be restored.

Session expired

The server has moved on; the page needs a fresh start.